 Dungeon Crawl Stone Soup version 0.31-a0-202-g547052bce9 (webtiles) character file.

Game seed: 6353092025430859062

132 qw the Skirmisher (level 4, -3/23 (25) HPs)
             Began as a Deep Elf Hunter on June 26, 2023.
             Slain by a sky beast (5 damage)
             ... on level 4 of the Dungeon.
             The game lasted 00:00:53 (2099 turns).

qw the Skirmisher (Deep Elf Hunter)                 Turns: 2099, Time: 00:00:53

HP:   -3/23 (25)    AC:  6    Str:  9 (10) XL:     4   Next: 92%
MP:   6/6           EV: 10    Int: 14      God:
Gold: 165           SH:  0    Dex: 16      Spells: 3/3 levels left

rFire   + . .        Y - +0 shortbow
rCold   . . .        (shield currently unavailable)
rNeg    . . .        i - +1 ring mail
rPois   .            (no helmet)
rElec   .            (no cloak)
rCorr   .            (no gloves)
SInv    .            (no boots)
Will    .....        (no amulet)
Stlth   +            f - ring of protection from fire
HPRegen 0.23/turn    (no ring)
MPRegen 0.10/turn

%: no passive effects
@: about to teleport, drained
A: clumsy 1, deterioration 1, wild magic 1
a: no special abilities


You were on level 4 of the Dungeon.
You visited 1 branch of the dungeon, and saw 4 of its levels.

You collected 165 gold pieces.


Innate Abilities, Weirdness & Mutations

You are clumsy. (Dex -2)
Your body sometimes deteriorates upon taking damage.
Your spells are a little harder to cast, but a little more powerful.


   Skills:
 - Level 1.5 Fighting
 + Level 8.3 Ranged Weapons
 - Level 2.4 Dodging
 - Level 1.2 Stealth


You had 3 spell levels left.
You didn't know any spells.
Your spell library was empty.

Inventory:

Hand Weapons
 Y - a +0 shortbow (weapon)
Armour
 e - a +0 cloak
 i - a +1 ring mail (worn)
Jewellery
 f - a ring of protection from fire (left hand)
Scrolls
 d - a scroll of identify
Potions
 b - a potion of attraction {unknown}
 c - a potion of brilliance {unknown}
 g - a potion of haste
 k - a potion of mutation

Dungeon Overview and Level Annotations

Branches:
Dungeon (3/15)

Altars:
Vehumet


Message History

The arrow hits the adder but does no damage.
The adder is lightly wounded.
You shoot an arrow. The arrow hits the adder!
You kill the adder!
You shoot an arrow. The arrow hits the sky beast!
The sky beast is moderately wounded.
You shoot an arrow. The arrow hits the sky beast.
The sky beast is heavily wounded.
You shoot an arrow. The arrow barely misses the sky beast.
The sky beast completely misses you.
The sky beast hits you but does no damage.
You shoot an arrow. The arrow closely misses the sky beast.
The sky beast hits you. The sky beast shocks you.
You shoot an arrow. The arrow closely misses the sky beast.
The sky beast barely misses you.
You shoot an arrow. The arrow hits the sky beast.
The sky beast is heavily wounded.
The sky beast misses you.
You shoot an arrow. The arrow closely misses the sky beast.
The sky beast closely misses you.
You shoot an arrow. The arrow hits the sky beast.
The sky beast is severely wounded.
The sky beast hits you. The sky beast shocks you.
Your body deteriorates!
You feel weakened. The worm barely misses you.
You shoot an arrow. The arrow hits the sky beast!
The sky beast is almost dead.
The sky beast hits you but does no damage.
You shoot an arrow.
The arrow hits the sky beast but does no damage.
The sky beast is almost dead.
The sky beast hits you. The sky beast shocks you. The worm closely misses you.
2098 ||| READING scroll of teleportation.
As you read the scroll of teleportation, it crumbles to dust.
You feel strangely unstable.
The sky beast hits you but does no damage.
The worm closely misses you.
You shoot an arrow. The arrow barely misses the sky beast.
The sky beast hits you. The sky beast shocks you.
You die...

...... #.....
+..... #.....
#..... #.....
#.....######
#....w@..#.##+###
#....Y...'.......
..........#.......
..........#.......
..........#.......
..).......#.......
..........#.......
..........#.......
.........########


You could see a sky beast and a worm.

Vanquished Creatures
  5 adders
  3 dart slugs
  5 orcs (D:3)
  6 bats
  5 endoplasms
  3 giant cockroaches (D:1)
  6 goblins
  2 hobgoblins (D:1)
  10 jackals
  2 quokkas
  4 ball pythons
  3 frilled lizards
  8 kobolds
  8 rats
70 creatures vanquished.

Notes
Turn   | Place    | Note
-------+----------+-------------------------------------------
     0 | D:1      | qw the Deep Elf Hunter began the quest for the Orb.
     0 | D:1      | Reached XP level 1. HP: 12/12 MP: 3/3
     0 | D:1      | 0 ||| qw: Version: 0.3-a-22-g0ed2b0b
     0 | D:1      | 0 ||| qw: Game counter: 6143
     0 | D:1      | 0 ||| qw: Melee chars always use a shield: true
     0 | D:1      | 0 ||| qw: God list: Okawaru
     0 | D:1      | 0 ||| qw: Allow faded altars: false
     0 | D:1      | 0 ||| qw: Do Orc after clearing Dungeon:15 true
     0 | D:1      | 0 ||| qw: Do second Lair branch before Depths: true
     0 | D:1      | 0 ||| qw: Lair rune preference: random
     0 | D:1      | 0 ||| qw: Goals: Normal
     0 | D:1      | 0 ||| PLANNING D:1-11
    99 | D:1      | Reached XP level 2. HP: 15/16 MP: 4/4
   102 | D:1      | Reached skill level 6 in Ranged Weapons
   353 | D:1      | Reached XP level 3. HP: 20/20 MP: 5/5
   642 | D:1      | 642 ||| UPGRADING to +0 ring mail.
   652 | D:1      | 652 ||| DROPPING +0 leather armour.
   667 | D:1      | 667 ||| UPGRADING to ring of protection from fire.
   668 | D:1      | 668 ||| READING 2 scrolls labelled VEOPO LYSONN.
   698 | D:1      | 698 ||| READING scroll labelled DADUST IS PAI.
   714 | D:1      | 714 ||| READING scroll labelled NAGEYN TINAME.
   715 | D:1      | 715 ||| DROPPING scroll of butterflies.
   828 | D:2      | Reached skill level 7 in Ranged Weapons
  1281 | D:2      | Reached XP level 4. HP: 15/25 MP: 6/6
  1702 | D:2      | Identified the +7 long sword "Giodwuna" {vamp, Stlth+}
  1763 | D:2      | 1763 ||| READING scroll labelled LEMAWK ZITARR.
  1764 | D:2      | 1764 ||| READING scroll labelled TUAXIBB UNAG.
  1765 | D:2      | 1765 ||| READING scroll labelled WOXUYG SOSIPTA.
  1766 | D:2      | 1766 ||| READING scroll labelled DIESYZ SYTO.
  1767 | D:2      | 1767 ||| DRINKING 2 green potions.
  1768 | D:2      | 1768 ||| DRINKING 2 fuming ruby potions.
  1768 | D:2      | Gained mutation: You are clumsy. (Dex -2) [potion of
                  | mutation]
  1768 | D:2      | Gained mutation: Your body sometimes deteriorates upon
                  | taking damage. [potion of mutation]
  1768 | D:2      | Gained mutation: Your spells are a little harder to cast,
                  | but a little more powerful. [potion of mutation]
  1866 | D:3      | Reached skill level 8 in Ranged Weapons
  2005 | D:3      | 2005 ||| READING scroll of enchant armour.
  2005 | D:3      | 2005 ||| ENCHANTING +0 ring mail.
  2066 | D:3      | Found a radiant altar of Vehumet.
  2068 | D:3      | You fall into a shaft and drop 1 floor!
  2081 | D:4      | 2081 ||| PLANNING SEWER
  2084 | D:4      | Noticed a sky beast
  2097 | D:4      | HP: 4/23 [sky beast (6)]
  2098 | D:4      | 2098 ||| READING scroll of teleportation.
  2099 | D:4      | Slain by a sky beast

Levels and vault maps discovered:
D:1:      lightli_molten_gateway, layout_basic
D:2:      layout_loops_corners
D:3:      layout_loops_cross, nicolae_ru_awakened_eye, fiery_altar_vehumet
D:4:      layout_gridville, nicolae_overflow_squiral, elyvilon_altar_1,
          nicolae_overflow_hidden_temple, cheibrodos_sewer_entry_bend,
          minmay_misc_feat_ornament, uniq_grinder

Skill      XL: |  1  2  3  4 |
---------------+-------------+-----
Ranged Weapons | 6 7 8 |  8.3
Fighting       | |  1.5
Dodging        | |  2.4
Stealth        | |  1.2

Action                     |  1- 3 |  4- 6 || total
---------------------------+-------+-------++-------
   Fire: Shortbow          |   133 |    83 ||   216
    Use: Scroll            |     3 |     6 ||     9
         Potion            |       |     2 ||     2
 Armour: Leather armour    |    21 |       ||    21
         Ring mail         |     7 |    11 ||    18
  Dodge: Dodged            |    64 |    28 ||    92

Table legend:
 A = Non-vault XP
 B = Vault XP
 C = Vault XP percentage of total XP
 D = Non-vault monster count
 E = Vault monster count
 F = Vault count percentage of total count
                 A         B        C        D         E       F
            +---------+---------+-------+---------+---------+-------
      Total |     189 |       0 |   0.0 |      70 |       0 |   0.0
            +---------+---------+-------+---------+---------+-------
        D:1 |      58 |       0 |   0.0 |      35 |       0 |   0.0
        D:2 |      73 |       0 |   0.0 |      18 |       0 |   0.0
        D:3 |      44 |       0 |   0.0 |      15 |       0 |   0.0
        D:4 |      14 |       0 |   0.0 |       2 |       0 |   0.0
            +---------+---------+-------+---------+---------+-------
